 Dungeon Crawl Stone Soup version 0.22-a0-422-g9628fc8 (webtiles) character file.

77 raistware the Magician (level 4, -13/30 HPs)
             Began as a Mummy Wizard on May 16, 2018.
             Killed from afar by Ijyb (18 damage)
             ... with a wand of acid (7)
             ... on level 3 of the Dungeon.
             The game lasted 00:06:19 (2138 turns).

raistware the Magician (Mummy Wizard)               Turns: 2138, Time: 00:06:20

Health: -13/30     AC:  7    Str: 10    XL:     4   Next: 13%
Magic:  1/11       EV: 12    Int: 18    God:
Gold:   56         SH:  0    Dex: 10    Spells: 2/13 levels left

rFire    x . .     SeeInvis .   f - -3 whip (curse)
rCold    + . .     Gourm    .   (no shield)
rNeg     + + +     Faith    .   a - +0 robe
rPois    ∞         Spirit   .   b - +0 hat
rElec    .         Reflect  .   (no cloak)
rCorr    .         Harm     .   (no gloves)
MR       .....                  (no boots)
Stlth    ++........             (no amulet)
HPRegen  0.10/turn              c - +5 ring of protection
MPRegen  0.12/turn              g - +2 ring of slaying

@: no status effects
A: no food or potions, fire vulnerability, cold resistance 1, negative energy
resistance 3, torment resistance, unbreathing
a: no special abilities


You were on level 3 of the Dungeon.
You were not hungry.

You visited 1 branch of the dungeon, and saw 3 of its levels.

You collected 56 gold pieces.

Inventory:

Hand Weapons
 d - a +0 mace
 f - a cursed -3 whip (weapon)
Armour
 a - a +0 robe (worn)
 b - a +0 hat (worn)
Jewellery
 c - a +5 ring of protection (left hand)
 g - a +2 ring of slaying (right hand)
Scrolls
 e - 2 scrolls of identify


   Skills:
 - Level 1.5 Dodging
 - Level 1.5 Stealth
 + Level 5.1 Spellcasting
 + Level 2.1 Conjurations
 - Level 0.7 Summonings
 - Level 0.7 Translocations
 + Level 1.0 Fire Magic


You had 2 spell levels left.
You knew the following spells:

 Your Spells              Type           Power        Failure   Level  Hunger
a - Magic Dart            Conj           ##..         5%          1    N/A
b - Blink                 Tloc           N/A          14%         2    N/A
c - Call Imp              Summ           #.......     14%         2    N/A
d - Conjure Flame         Conj/Fire      ##......     21%         3    N/A
e - Mephitic Cloud        Conj/Pois/Air  #.......     28%         3    N/A

Your spell library contained the following spells:

 Spells                   Type           Power        Failure   Level  Hunger
 Slow                     Hex            #.......     21%         2    N/A

Dungeon Overview and Level Annotations

Branches:
Dungeon (3/15)

Altars:

Annotations:
D:3 Ijyb


Innate Abilities, Weirdness & Mutations

You do not eat or drink.
Your flesh is vulnerable to fire.
You are immune to poison.
Your flesh is cold resistant. (rC+)
You are immune to negative energy. (rN+++)
You are immune to unholy pain and torment.
You can survive without breathing.


Message History

Confirm with . or Enter, or press ? or * to list all spells.
You don't have enough magic to cast that spell.
Ijyb zaps a wand.
The bolt of acid hits you!
Ouch! That really hurt!
You are splashed with acid!
The acid burns!
* * * LOW HITPOINT WARNING * * *
As you read the scroll labeled YDUNNO RUMEN, it crumbles to dust.
It is a scroll of identify.
You don't have any unidentified items.
Ijyb closely misses you. Ijyb closely misses you.
Casting: Magic Dart (safe; 5% risk of failure)
Confirm with . or Enter, or press ? or * to list all spells.
You don't have enough magic to cast that spell.
Ijyb hits you but does no damage.
You hit Ijyb but do no damage.
Ijyb is lightly wounded.
Ijyb zaps a wand.
The bolt of acid hits you!
Ouch! That really hurt!
You die...

#....# #[.##' #....# ##..##.
##.#..# #..###. ####.....#
##...... #........# #..####.
#.##>....### ###.....g.
#.##.###...### ###...#####.
#.##.#####...#######...####....
#..#.##.......@g.....### #.###
##.#.##.......######## #.###
#.#.##.......# #....
#.#..+....†..# #.###
#.####.......# #...##.......#
###.##.......# #.##.......+ #.#


You could see Ijyb.

Vanquished Creatures
  An adder (D:2)
  2 worms (D:3)
  A dart slug (D:1)
  2 leopard geckos (D:3)
  An orc (D:3)
  A ball python (D:2)
  2 giant cockroaches
  8 hobgoblins
  5 jackals (D:1)
  8 bats
  A frilled lizard (D:1)
  7 goblins
  5 kobolds
  8 rats
52 creatures vanquished.

Vanquished Creatures (collateral kills)
  3 jackals (D:1)
3 creatures vanquished.

Grand Total: 55 creatures vanquished

Notes
Turn   | Place    | Note
-------+----------+-------------------------------------------
     0 | D:1      | raistware the Mummy Wizard began the quest for the Orb.
     0 | D:1      | Reached XP level 1. HP: 13/13 MP: 5/5
    63 | D:1      | Reached skill level 1 in Conjurations
   170 | D:1      | Reached XP level 2. HP: 15/19 MP: 7/7
   223 | D:1      | Learned a level 2 spell: Blink
   226 | D:1      | Learned a level 2 spell: Call Imp
   656 | D:1      | Reached XP level 3. HP: 21/24 MP: 7/9
   661 | D:1      | Learned a level 3 spell: Conjure Flame
   665 | D:1      | Learned a level 3 spell: Mephitic Cloud
  1664 | D:2      | Reached skill level 5 in Spellcasting
  1806 | D:3      | Reached XP level 4. HP: 22/30 MP: 0/11
  1963 | D:3      | Reached skill level 1 in Fire Magic
  2098 | D:3      | Noticed Ijyb
  2138 | D:3      | Killed from afar by Ijyb

Vault maps used:
D:1:      scummos_arrival_star
D:2:      first_ration, minmay_distorted
D:3:      kennysheep_ying_yang, lemuel_doored_altar, uniq_ijyb

Skill      XL: |  1  2  3  4 |
---------------+-------------+-----
Conjurations   | 1 2 |  2.1
Spellcasting   | 5 |  5.1
Fire Magic     | 1 |  1.0
Dodging        | |  1.5
Stealth        | |  1.5
Summonings     | |  0.7
Translocations | |  0.7

Action                   |  1- 3 |  4- 6 || total
-------------------------+-------+-------++-------
Melee: Mace              |    16 |       ||    16
       Whip              |    22 |     1 ||    23
 Cast: Magic Dart        |   105 |    27 ||   132
       Call Imp          |     2 |       ||     2
  Use: Scroll            |     2 |     1 ||     3
 Stab: Sleeping          |     1 |       ||     1
Armor: Robe              |    48 |     1 ||    49
Dodge: Dodged            |    63 |     5 ||    68

Table legend:
 A = Spawn XP
 B = Non-spawn XP
 C = Spawn XP percentage of total XP
 D = Spawn monster count
 E = Non-spawn monster count
 F = Spawn count percentage of total count
 G = Total turns spent on level
                    A         B        C        D         E        F      G
               +---------+---------+-------+---------+---------+-------+---------
         Total |       0 |     110 |   0.0 |       0 |      55 |   0.0 |  2138
               +---------+---------+-------+---------+---------+-------+---------
           D:1 |       0 |      48 |   0.0 |       0 |      30 |   0.0 |   861
           D:2 |       0 |      38 |   0.0 |       0 |      16 |   0.0 |   793
           D:3 |       0 |      24 |   0.0 |       0 |       9 |   0.0 |   484
               +---------+---------+-------+---------+---------+-------+---------
